3AA
OTTAWA NATIONALS @ GLENDALE HERONS
07/27/2029
 
TOP OF THE 1ST
Ottawa Nationals batting - Pitching for Glendale Herons : LHP Yoriyoshi Yoshimura
Pitching: LHP Yoriyoshi Yoshimura
Batting: RHB Tomás Bermúdez 0-0: Called Strike
0-1: Ball
1-1: Ball
2-1: Called Strike
2-2: Foul Ball, location: 2F
2-2: Foul Ball, location: 2F
2-2: Fly out, F2 (Popup, 25F)
Batting: LHB Ken Stroud 0-0: Ball
1-0: Called Strike
1-1: Swinging Strike
1-2: DOUBLE (Line Drive, 9LD)
Batting: RHB Ron Bernard 0-0: Called Strike
Ken Stroud steals 3rd base
0-1: Called Strike
0-2: Fly out, F9 (Flyball, 9S)
Batting: RHB Mike Jennings 0-0: Fly out, F8 (Line Drive, 8LD)
Top of the 1st over - 0 runs, 1 hit, 0 errors, 1 left on base; Ottawa 0 - Glendale 0
BOTTOM OF THE 1ST
Glendale Herons batting - Pitching for Ottawa Nationals : RHP Travis Nelson
Pitching: RHP Travis Nelson
Batting: LHB Su-wu Xiao 0-0: Ball
1-0: DOUBLE (Line Drive, 9LM)
Batting: SHB Yun-qi Chien 0-0: Ball
1-0: Swinging Strike
1-1: Foul Ball, location: 2F
1-2: Strikes out looking
Batting: RHB Ellis Greenham 0-0: Called Strike
Su-wu Xiao steals 3rd base
0-1: Foul Ball, location: 2F
0-2: Foul Ball, location: 2F
0-2: Foul Ball, location: 2F
0-2: SINGLE (Groundball, 56D)
Su-wu Xiao scores
Batting: RHB Restin P. Surambe 0-0: Ground out 6-3 (Groundball, 6S)
Ellis Greenham to second
Batting: RHB Francisco Guerra 0-0: Ball
1-0: Ball
2-0: Called Strike
2-1: Swinging Strike
2-2: Foul Ball, location: 2F
2-2: Ball
3-2: Foul Ball, location: 2F
3-2: Strikes out swinging
Bottom of the 1st over - 1 run, 2 hits, 0 errors, 1 left on base; Ottawa 0 - Glendale 1
TOP OF THE 2ND
Ottawa Nationals batting - Pitching for Glendale Herons : LHP Yoriyoshi Yoshimura
Batting: RHB Juan Román 0-0: Foul Ball, location: 2F
0-1: SINGLE (Line Drive, 8LS)
Batting: LHB José Gómez 0-0: Foul Ball, location: 2F
0-1: Foul Ball, location: 2F
0-2: Foul Ball, location: 2F
0-2: Strikes out swinging
Batting: SHB Tristan Shanks 0-0: Called Strike
0-1: Foul Ball, location: 2F
0-2: Grounds into double play, 4-6-3 (Groundball, 34)
Top of the 2nd over - 0 runs, 1 hit, 0 errors, 0 left on base; Ottawa 0 - Glendale 1
BOTTOM OF THE 2ND
Glendale Herons batting - Pitching for Ottawa Nationals : RHP Travis Nelson
Batting: LHB Xu Cheng 0-0: Called Strike
0-1: Fly out, F8 (Flyball, 8RS)
Batting: RHB Michael Sweeney 0-0: Swinging Strike
0-1: Swinging Strike
0-2: Ball
1-2: Strikes out swinging
Batting: RHB Hatui Haunani 0-0: Called Strike
0-1: Ball
1-1: Foul Ball, location: 2F
1-2: Fly out, F8 (Flyball, 8LM)
Bottom of the 2nd over - 0 runs, 0 hits, 0 errors, 0 left on base; Ottawa 0 - Glendale 1
TOP OF THE 3RD
Ottawa Nationals batting - Pitching for Glendale Herons : LHP Yoriyoshi Yoshimura
Batting: RHB Eduardo Morales 0-0: Called Strike
0-1: Called Strike
0-2: Ball
1-2: Foul Ball, location: 2F
1-2: Ball
2-2: Foul Ball, location: 2F
2-2: Foul Ball, location: 2F
2-2: Ball
3-2: Strikes out swinging
Batting: RHB Miguel González 0-0: Swinging Strike
0-1: Called Strike
0-2: Ball
1-2: Ball
2-2: Ground out 5-3 (Groundball, 56S)
Batting: RHB Tomás Bermúdez 0-0: Foul Ball, location: 2F
0-1: Ball
1-1: Ball
2-1: Foul Ball, location: 2F
2-2: Ground out U3 (Groundball, 34S)
Top of the 3rd over - 0 runs, 0 hits, 0 errors, 0 left on base; Ottawa 0 - Glendale 1
BOTTOM OF THE 3RD
Glendale Herons batting - Pitching for Ottawa Nationals : RHP Travis Nelson
Batting: RHB Luis Trevino 0-0: Ball
1-0: Ball
2-0: Ground out 6-3 (Groundball, 6)
Batting: LHB Su-wu Xiao 0-0: Ground out U3 (Groundball, 2R)
Batting: SHB Yun-qi Chien 0-0: Ball
1-0: Ground out U3 (Groundball, 3L)
Bottom of the 3rd over - 0 runs, 0 hits, 0 errors, 0 left on base; Ottawa 0 - Glendale 1
TOP OF THE 4TH
Ottawa Nationals batting - Pitching for Glendale Herons : LHP Yoriyoshi Yoshimura
Batting: LHB Ken Stroud 0-0: Swinging Strike
0-1: Called Strike
0-2: Ball
1-2: Foul Ball, location: 2F
1-2: Strikes out swinging
Batting: RHB Ron Bernard 0-0: Ball
1-0: Ground out 6-3 (Groundball, 6)
Batting: RHB Mike Jennings 0-0: DOUBLE (Flyball, 8LXD)
Batting: RHB Juan Román 0-0: Fly out, F5 (Line Drive, 5)
Top of the 4th over - 0 runs, 1 hit, 0 errors, 1 left on base; Ottawa 0 - Glendale 1
BOTTOM OF THE 4TH
Glendale Herons batting - Pitching for Ottawa Nationals : RHP Travis Nelson
Batting: RHB Ellis Greenham 0-0: Ball
1-0: Called Strike
1-1: Ball
2-1: Foul Ball, location: 2F
2-2: Fly out, F8 (Flyball, 8RD)
Batting: RHB Restin P. Surambe 0-0: Foul Ball, location: 2F
0-1: Ball
1-1: Fly out, F7 (Line Drive, 7D)
Batting: RHB Francisco Guerra 0-0: Fly out, F3 (Popup, 34S)
Bottom of the 4th over - 0 runs, 0 hits, 0 errors, 0 left on base; Ottawa 0 - Glendale 1
TOP OF THE 5TH
Ottawa Nationals batting - Pitching for Glendale Herons : LHP Yoriyoshi Yoshimura
Batting: LHB José Gómez 0-0: Foul Ball, location: 2F
0-1: Foul Ball, location: 2F
0-2: Ball
1-2: Ground out 4-3 (Groundball, 34D)
Batting: SHB Tristan Shanks 0-0: Ball
1-0: Ground out 4-3 (Groundball, 4)
Batting: RHB Eduardo Morales 0-0: Foul Ball, location: 2F
0-1: Swinging Strike
0-2: Ball
1-2: Strikes out swinging
Top of the 5th over - 0 runs, 0 hits, 0 errors, 0 left on base; Ottawa 0 - Glendale 1
BOTTOM OF THE 5TH
Glendale Herons batting - Pitching for Ottawa Nationals : RHP Travis Nelson
Batting: LHB Xu Cheng 0-0: Called Strike
0-1: Called Strike
0-2: Ground out 3-1 (Groundball, 34)
Batting: RHB Michael Sweeney 0-0: Ball
1-0: Fly out, F9 (Flyball, 89S)
Batting: RHB Hatui Haunani 0-0: Ball
1-0: Swinging Strike
1-1: Swinging Strike
1-2: Ball
2-2: Foul Ball, location: 2F
2-2: Foul Ball, location: 2F
2-2: Foul Ball, location: 2F
2-2: Ball
3-2: SINGLE (Groundball, 6MD)
Pitching: RHP Jesús Garces
Batting: RHB Luis Trevino 0-0: Swinging Strike
0-1: Ball
1-1: Ball
2-1: Ground out 1-3 (Groundball, 13)
Bottom of the 5th over - 0 runs, 1 hit, 0 errors, 1 left on base; Ottawa 0 - Glendale 1
TOP OF THE 6TH
Ottawa Nationals batting - Pitching for Glendale Herons : LHP Yoriyoshi Yoshimura
Batting: RHB Miguel González 0-0: Ball
1-0: Ball
2-0: Swinging Strike
2-1: Foul Ball, location: 2F
2-2: Fly out, F6 (Flyball, 56D)
Batting: RHB Tomás Bermúdez 0-0: Called Strike
0-1: Ball
1-1: Called Strike
1-2: Ground out 6-3 (Groundball, 6)
Batting: LHB Ken Stroud 0-0: Ground out U3 (Groundball, 3S)
Top of the 6th over - 0 runs, 0 hits, 0 errors, 0 left on base; Ottawa 0 - Glendale 1
BOTTOM OF THE 6TH
Glendale Herons batting - Pitching for Ottawa Nationals : RHP Jesús Garces
Batting: LHB Su-wu Xiao 0-0: Ball
1-0: Foul Ball, location: 2F
1-1: Fly out, F2 (Popup, 23F)
Batting: SHB Yun-qi Chien 0-0: Swinging Strike
0-1: Ball
1-1: Ball
2-1: Ball
3-1: Ground out 1-3 (Groundball, 13S)
Batting: RHB Ellis Greenham 0-0: Called Strike
0-1: Ground out 3-1 (Groundball, 34S)
Bottom of the 6th over - 0 runs, 0 hits, 0 errors, 0 left on base; Ottawa 0 - Glendale 1
TOP OF THE 7TH
Ottawa Nationals batting - Pitching for Glendale Herons : RHP José Peña
Pitching: RHP José Peña
Batting: RHB Ron Bernard 0-0: Ball
1-0: Called Strike
1-1: Foul Ball, location: 2F
1-2: Ball
2-2: Foul Ball, location: 2F
2-2: Strikes out swinging
Batting: RHB Mike Jennings 0-0: Foul Ball, location: 2F
0-1: Ball
1-1: Swinging Strike
1-2: DOUBLE (Line Drive, 7LD)
Batting: RHB Juan Román 0-0: Ball
1-0: Swinging Strike
1-1: SINGLE (Line Drive, 89S)
Mike Jennings to third
Batting: LHB José Gómez 0-0: Grounds into double play, 6-4-3 (Groundball, 56)
Top of the 7th over - 0 runs, 2 hits, 0 errors, 1 left on base; Ottawa 0 - Glendale 1
BOTTOM OF THE 7TH
Glendale Herons batting - Pitching for Ottawa Nationals : RHP Jesús Garces
Batting: RHB Restin P. Surambe 0-0: Ball
1-0: Ball
2-0: Fly out, F8 (Line Drive, 8RM)
Batting: RHB Francisco Guerra 0-0: Swinging Strike
0-1: Foul Ball, location: 2F
0-2: Foul Ball, location: 2F
0-2: Strikes out swinging
Batting: LHB Xu Cheng 0-0: Ball
1-0: Swinging Strike
1-1: Foul Ball, location: 2F
1-2: Ball
2-2: Strikes out looking
Bottom of the 7th over - 0 runs, 0 hits, 0 errors, 0 left on base; Ottawa 0 - Glendale 1
TOP OF THE 8TH
Ottawa Nationals batting - Pitching for Glendale Herons : RHP José Peña
Batting: SHB Tristan Shanks 0-0: Called Strike
0-1: Ball
1-1: Ground out 5-3 (Groundball, 56)
Batting: RHB Eduardo Morales 0-0: Ball
1-0: Ball
2-0: Foul Ball, location: 2F
2-1: Foul Ball, location: 2F
2-2: Ball
3-2: Strikes out swinging
Batting: RHB Miguel González 0-0: Foul Ball, location: 2F
0-1: SINGLE (Flyball, 56D)
Pitching: RHP Víctor Torres
Batting: RHB Tomás Bermúdez 0-0: Ball
1-0: Ball
2-0: Ball
3-0: Called Strike
3-1: Called Strike
3-2: Foul Ball, location: 2F
3-2: Base on Balls
Miguel González to second
Batting: LHB Ken Stroud 0-0: 3-RUN HOME RUN (Flyball, 78D), Distance : 381 ft
Batting: RHB Ron Bernard 0-0: Ball
1-0: Ball
2-0: Called Strike
2-1: Ground out 4-3 (Groundball, 4)
Top of the 8th over - 3 runs, 2 hits, 0 errors, 0 left on base; Ottawa 3 - Glendale 1
BOTTOM OF THE 8TH
Glendale Herons batting - Pitching for Ottawa Nationals : RHP Jesús Garces
Batting: RHB Michael Sweeney 0-0: Ball
1-0: Ball
2-0: Fly out, F8 (Flyball, 78M)
Batting: RHB Hatui Haunani 0-0: Ball
1-0: Ball
2-0: Ball
3-0: Called Strike
3-1: Called Strike
3-2: Base on Balls
Batting: RHB Luis Trevino 0-0: Foul Ball, location: 2F
0-1: Swinging Strike
0-2: Foul Ball, location: 2F
0-2: Strikes out swinging
Batting: LHB Su-wu Xiao 0-0: Ball
1-0: SINGLE (Line Drive, 4MD)
Hatui Haunani to second
Pitching: RHP Errol Lange
Batting: SHB Yun-qi Chien 0-0: Foul Ball, location: 2F
0-1: Ball
1-1: Ground out 5-3 (Groundball, 5S)
Bottom of the 8th over - 0 runs, 1 hit, 0 errors, 2 left on base; Ottawa 3 - Glendale 1
TOP OF THE 9TH
Ottawa Nationals batting - Pitching for Glendale Herons : RHP Víctor Torres
Batting: RHB Mike Jennings 0-0: Called Strike
0-1: Ball
1-1: Swinging Strike
1-2: Strikes out looking
Batting: RHB Juan Román 0-0: Called Strike
0-1: Ball
1-1: Ground out 5-3 (Groundball, 56)
Batting: LHB José Gómez 0-0: Called Strike
0-1: Ball
1-1: Ball
2-1: Swinging Strike
2-2: Fly out, F8 (Flyball, 89D)
Top of the 9th over - 0 runs, 0 hits, 0 errors, 0 left on base; Ottawa 3 - Glendale 1
BOTTOM OF THE 9TH
Glendale Herons batting - Pitching for Ottawa Nationals : RHP Errol Lange
Batting: RHB Ellis Greenham 0-0: Swinging Strike
0-1: Ball
1-1: Foul Ball, location: 2F
1-2: SINGLE (Line Drive, 6)
Batting: RHB Restin P. Surambe 0-0: Swinging Strike
0-1: Foul Ball, location: 2F
0-2: Grounds into double play, 4-6-3 (Groundball, 4)
Batting: RHB Francisco Guerra 0-0: Foul Ball, location: 2F
0-1: Swinging Strike
0-2: Ball
1-2: Foul Ball, location: 2F
1-2: Ball
2-2: Strikes out swinging
Bottom of the 9th over - 0 runs, 1 hit, 0 errors, 0 left on base; Ottawa 3 - Glendale 1
Tuesday, December 19th, 2017 - OOTP Baseball 18.8 Build 76